 Dungeon Crawl Stone Soup version 0.31.0-11-ge490571c62 (webtiles) character file.

Game seed: 1146486694958243822

615 Curundu the Chopper (level 7, -1/93 HPs)
             Began as a Minotaur Berserker on Feb 8, 2024.
             Was a Priest of Trog.
             Slain by a gnoll
             ... wielding a +0 halberd
             ... led by a gnoll bouda
              (10 damage)
             ... on level 4 of the Dungeon.
             The game lasted 00:08:13 (3476 turns).

Curundu the Chopper (Minotaur Berserker)            Turns: 3476, Time: 00:08:14

Health: -1/93      AC:  2    Str: 30    XL:     7   Next: 21%
Magic:  6/6        EV: 12    Int:  4    God:    Trog [***...]
Gold:   230        SH:  0    Dex:  9    Spells: 6/6 levels left

rFire   . . .        s - +0 war axe
rCold   . . .        (no shield)
rNeg    . . .        b - +0 animal skin
rPois   .            (helmet restricted)
rElec   .            (no cloak)
rCorr   .            (no gloves)
SInv    .            (no boots)
Will    ++...        (no amulet) Stlth
                     c - +6 ring of strength
HPRegen 1.35/turn    (no ring)
MPRegen 0.10/turn

%: no passive effects
@: berserking, strong-willed, regenerating, very quick
A: horns 2, retaliatory headbutt
a: Renounce Religion, Berserk, Trog's Hand


You were on level 4 of the Dungeon.
You worshipped Trog.
Trog was most pleased with you.
You visited 1 branch of the dungeon, and saw 4 of its levels.

You collected 230 gold pieces.

Inventory:

Hand Weapons
 s - a +0 war axe (weapon)
Missiles
 p - 4 javelins (quivered)
Armour
 b - a +0 animal skin (worn)
Jewellery
 c - a +6 ring of strength (left hand)
 e - a ring of fire
 u - a ring of resist corrosion
Wands
 g - a wand of charming (12)
Scrolls
 a - a scroll of poison {unknown}
 f - 2 scrolls of teleportation {unknown}
 h - a scroll of vulnerability {unknown}
 j - 2 scrolls of immolation {unknown}
 r - a scroll of enchant weapon {unknown}
 v - a scroll of revelation {unknown}
Potions
 d - a potion of magic {unknown}
 i - 4 potions of curing {unknown}
 k - 2 potions of might {unknown}
 l - a potion of ambrosia {unknown}
 m - a potion of enlightenment {unknown}
 n - 2 potions of haste {unknown}
 o - a potion of heal wounds {unknown}
 q - a potion of berserk rage {unknown}
 t - a potion of mutation {unknown}


   Skills:
 + Level 5.9 Fighting
 + Level 7.8 Axes
 + Level 2.6 Armour
 + Level 3.7 Dodging
 + Level 1.2 Stealth


You had 6 spell levels left.
You didn't know any spells.
Your spell library was empty.

Dungeon Overview and Level Annotations

Branches:
Dungeon (4/15)
 Temple: D:4-7

Altars:
Dithmenos
Uskayaw
Wu Jian
The Shining One


Innate Abilities, Weirdness & Mutations

You have a pair of horns on your head.
You reflexively headbutt those who attack you in melee.


Message History

You hit the ogre. Your headbutt misses the ogre.
The ogre is lightly wounded.
The gnoll hits you from afar with a +0 halberd!
The gnoll barely misses you.
The gnoll bouda barks out a call to the hunt!
The gnolls pick up the pace!
The ogre hits you with a +0 giant spiked club!!
A red film seems to cover your vision as you go berserk!
You feel yourself moving faster!
You feel mighty!
The gnoll hits you from afar with a +0 halberd.
The gnoll hits you from afar with a +0 halberd!
* * * LOW HITPOINT WARNING * * *
The ogre closely misses you.
You slash the ogre!
The ogre is heavily wounded.
The gnoll barely misses you. x2
You slash the ogre!
You kill the ogre!
Trog accepts your kill. The gnoll misses you.
You slash the kobold!
You kill the kobold!
Trog accepts your kill. The gnoll hits you with a +0 halberd!
* * * LOW HITPOINT WARNING * * *
The iguana misses you.
There is an open door, spattered with blood here.
Things that are here:
a +0 dagger; 2 stones; a +0 giant spiked club You feel a strong urge to attack something.
The gnoll misses you.
The gnoll bouda attacks as it pursues you!
The gnoll bouda hits you with a +0 club.
* * * LOW HITPOINT WARNING * * *
You hit the gnoll bouda. Your headbutt misses the gnoll bouda.
The gnoll bouda is moderately wounded.
You hit the gnoll bouda.
The gnoll bouda is moderately wounded.
The gnoll hits you from afar with a +0 halberd!
You die... ...# ##...## ...# ##.....## ...# #.......# ##.. #...K...# # #...gKB.# #gggoS#

#{gl#
#######g####
.......@...#
...........#
...........#
#+########.#
###..#
#....#
##....#
#.....#
#....##


You could see a gnoll bouda, a bombardier beetle, an iguana, 5 gnolls, an adder,
an orc and 2 kobolds.

Vanquished Creatures
  The ghost of angrytalen3 the Chopper, an amateur MiGl of Hepliaklqana (D:3)
  An ogre (D:4)
  The ghost of bearlyready the Changeling, an amateur OpSh (D:3)
  The ghost of Charlie33ad the Conjurer, an amateur DECj (D:3)
  2 orc priests (D:3)
  A bombardier beetle (D:4)
  An orc wizard (D:3)
  4 adders
  3 dart slugs
  3 ribbon worms
  6 orcs (D:3)
  4 ball pythons
  8 bats
  9 endoplasms
  7 giant cockroaches
  6 goblins
  4 hobgoblins
  7 jackals
  4 quokkas
  6 frilled lizards
  10 kobolds
  5 rats
94 creatures vanquished.

Notes
Turn   | Place    | Note
-------+----------+-------------------------------------------
     0 | D:1      | Curundu the Minotaur Berserker began the quest for the Orb.
     0 | D:1      | Reached XP level 1. HP: 19/19 MP: 0/0
   127 | D:1      | Reached skill level 4 in Axes
   130 | D:1      | Reached XP level 2. HP: 24/27 MP: 1/1
   280 | D:1      | Found a faded altar of an unknown god.
   297 | D:1      | Reached ** piety under Trog
   298 | D:1      | Reached XP level 3. HP: 33/33 MP: 2/2
  1282 | D:2      | Reached skill level 5 in Axes
  1282 | D:2      | Reached XP level 4. HP: 41/41 MP: 3/3
  2044 | D:3      | Found an ornate altar of the Wu Jian Council.
  2055 | D:3      | Reached *** piety under Trog
  2281 | D:3      | Found a runed translucent gate.
  2281 | D:3      | Found a runed translucent gate.
  2281 | D:3      | Found a runed translucent gate.
  2286 | D:3      | Noticed Charlie33ad's ghost (amateur DECj)
  2286 | D:3      | Noticed bearlyready's ghost (amateur OpSh)
  2286 | D:3      | Noticed angrytalen3's ghost (amateur MiGl)
  2299 | D:3      | Found a hide-covered altar of Uskayaw.
  2475 | D:3      | Found a shadowy altar of Dithmenos.
  2884 | D:3      | Found a glowing golden altar of the Shining One.
  2968 | D:3      | Killed Charlie33ad's ghost
  2969 | D:3      | Reached skill level 6 in Axes
  2969 | D:3      | Reached XP level 5. HP: 43/47 MP: 4/4
  2974 | D:3      | Killed angrytalen3's ghost
  2974 | D:3      | Killed bearlyready's ghost
  2975 | D:3      | Reached skill level 5 in Fighting
  2975 | D:3      | Reached skill level 7 in Axes
  2975 | D:3      | Reached skill level 1 in Stealth
  2975 | D:3      | Reached XP level 6. HP: 30/56 MP: 5/5
  3270 | D:4      | Reached XP level 7. HP: 58/62 MP: 6/6
  3476 | D:4      | Slain by a gnoll

Illustrated notes

Levels and vault maps discovered:
D:1:      dpeg_arrival_boxorama, layout_loops_ring,
          hellmonk_ecumenical_altar_lost_god
D:2:      layout_loops_ring, kennysheep_generic_room_14
D:3:      layout_basic, mainiacjoe_overflow_small_starburst,
          lemuel_crystal_altar, eat_drink_and_be_merry_uskayaw,
          nicolae_tso_swordbearing_angel, gammafunk_ghost_cemetery,
          dreamdust_princess_bridge, fountainhead
D:4:      minmay_opposing_rooms, layout_loops_cross, mrwooster_statue_mirror,
          grunt_decor_junction, chequers_serial_rivers_micro_c,
          grunt_ministairs_9

Skill      XL: |  1  2  3  4  5 |
---------------+----------------+-----
Axes           | 4 5 6 7 |  7.8
Fighting       | 4 5 |  5.9
Dodging        | 3 |  3.7
Stealth        | 1 |  1.2
Armour         | |  2.6

Action                     |  1- 3 |  4- 6 |  7- 9 || total
---------------------------+-------+-------+-------++-------
  Melee: Hand axe          |    93 |    45 |       ||   138
         Headbutt          |    13 |    16 |     1 ||    30
         War axe           |       |    36 |    12 ||    48
 Invoke: Berserk           |       |     2 |     1 ||     3
         Trog's Hand       |       |     2 |     1 ||     3
 Armour: Animal skin       |    63 |    51 |    12 ||   126
  Dodge: Dodged            |    60 |    44 |    12 ||   116
